 Dungeon Crawl Stone Soup version 0.23.2-30-g0e89c35649 (webtiles) character file.

Game seed: 9747579946558165781

31 Descartes the Grasshopper (level 3, -1/18 HPs)
             Began as a Vine Stalker Warper on June 17, 2019.
             Succumbed to an adder's poison
             ... on level 2 of the Dungeon.
             The game lasted 00:02:01 (1021 turns).

Descartes the Grasshopper (Vine Stalker Warper)     Turns: 1021, Time: 00:02:02

Health: -1/18      AC:  5    Str: 14    XL:     3   Next: 22%
Magic:  4/7        EV: 11    Int: 13    God:
Gold:   55         SH:  0    Dex: 13    Spells: 6/6 levels left

rFire    . . .     SeeInvis .   a - +0 falchion
rCold    . . .     Gourm    .   (no shield)
rNeg     . . .     Faith    .   l - +0 ring mail (curse)
rPois    .         Spirit   +   (no helmet)
rElec    .         Reflect  .   (no cloak)
rCorr    .         Harm     .   (no gloves)
MR       .....                  (no boots)
Stlth    +.........             (no amulet)
HPRegen  0.06/turn              (no ring)
MPRegen  0.10/turn              (no ring)

@: lethally poisoned (-1 -> -26), hasted, very quick
A: fangs 2, magic shield, antimagic bite, no potion heal 3, rot immunity
a: no special abilities


You were on level 2 of the Dungeon.
You were not hungry.

You visited 1 branch of the dungeon, and saw 2 of its levels.

You collected 55 gold pieces.

Inventory:

Hand Weapons
 a - a +0 falchion (weapon)
Missiles
 e - 5 tomahawks of dispersal (quivered)
 h - 12 arrows
Armour
 l - a cursed +0 ring mail (worn)
Scrolls
 d - a scroll of blinking
 g - a scroll of enchant weapon {unknown}
 i - a scroll of immolation {unknown}
 j - a scroll of random uselessness {unknown}
Potions
 b - a potion of haste
 c - a potion of curing {unknown}
 m - a potion of heal wounds {unknown}
Comestibles
 f - 2 rations
 k - 2 chunks of flesh


   Skills:
 + Level 2.1 Fighting
 + Level 2.0 Long Blades
 - Level 0.8 Throwing
 + Level 1.0 Armour
 + Level 1.8 Dodging
 + Level 1.3 Stealth
 + Level 0.6 Unarmed Combat
 + Level 2.4 Spellcasting
   Level 3.0 Translocations


You had 6 spell levels left.
You didn't know any spells.
Your spell library contained the following spells:

 Spells                   Type           Power        Failure   Level  Hunger
 Blink                    Tloc           N/A          22%         2    ###....
 Shroud of Golubria       Chrm/Tloc      #.........   38%         2    ###....
 Gell's Gravitas          Tloc           #.........   41%         3    ###....
 Lesser Beckoning         Tloc           #.........   41%         3    ###....
 Teleport Other           Tloc           #.......     41%         3    ###....
 Passage of Golubria      Tloc           N/A          82%         4    #####..


Dungeon Overview and Level Annotations

Branches:
Dungeon (2/15)

Altars:


Innate Abilities, Weirdness & Mutations

You have extremely sharp teeth.
When hurt, damage is shared between your health and your magic reserves.
Your bite disrupts and absorbs the magic of your enemies.
Potions cannot restore your health.
You are immune to rotting.


Message History

You feel sick. The adder bites you.
You are more poisoned.
The adder poisons you! The adder bites you.
* * * LOW HITPOINT WARNING * * *
You are more poisoned.
The adder poisons you!
You hit the adder.
You kill the adder!
Your Long Blades skill increases to level 2!
You have reached level 3!
Your experience leads to an increase in your attributes!
Increase (S)trength, (I)ntelligence, or (D)exterity?
You feel stronger.
* * * LOW HITPOINT WARNING * * *
You feel sick.
There is a lethal amount of poison in your body!
* * * LOW HITPOINT WARNING * * *
You feel sick.
It was a potion of haste.
You feel yourself speed up.
You die...

#.......
#.......
#......# ##
# #.....<#
.#.#
......+....
..?.#..#
#.....# #@#
#.# #.# #.#
#÷# #÷# #.#
#.#
######.##


There were no monsters in sight!

Vanquished Creatures
  An adder (D:2)
  2 dart slugs (D:1)
  3 bats
  A giant cockroach (D:1)
  4 goblins (D:1)
  3 hobgoblins (D:1)
  A frilled lizard (D:1)
  2 kobolds (D:1)
  A rat (D:1)
18 creatures vanquished.

Notes
Turn   | Place    | Note
-------+----------+-------------------------------------------
     0 | D:1      | Descartes the Vine Stalker Warper began the quest for the
                  | Orb.
     0 | D:1      | Reached XP level 1. HP: 11/11 MP: 4/4
   176 | D:1      | Reached XP level 2. HP: 10/15 MP: 4/6
   200 | D:1      | Reached skill level 1 in Armour
   767 | D:1      | Reached skill level 1 in Stealth
  1019 | D:2      | Reached XP level 3. HP: 5/18 MP: 4/7
  1021 | D:2      | Succumbed to an adder's poison

Skill      XL: |  1  2 |
---------------+-------+-----
Fighting       | 2 |  2.1
Armour         | 1 |  1.0
Stealth        | 1 |  1.3
Long Blades    | 2 |  2.0
Throwing       | |  0.8
Dodging        | |  1.8
Unarmed Combat | |  0.6
Spellcasting   | |  2.4
Translocations | |  3.0

Action                   || total
-------------------------++-------
Melee: Falchion          ||    47
       Bite              ||    12
  Use: Potion            ||     1
 Stab: Sleeping          ||     1
Armor: Ring mail         ||     7
Dodge: Dodged            ||    31
       Rpst.: Falchion   ||     6
